Map: Abyssal Reef LE

Players

Oobios - Winner!

  • Race: Zerg Zerg
  • Spawn Location: 11:00

RaiN

  • Race: Protoss Protoss
  • Spawn Location: 5:00

Event: WCS Austin 2017

VOD

Have the link to the VOD?

Description

Time

  • Played on: April 28, 2017, 2:06 p.m.
  • Length: 8:53

All games in this series

Show
View Real Time Build Order
Export as new Build Order

Oobios Zerg - Winner!

Build Orders: Pool First 

Get SALT Encoding   

  12  0:01  Drone  
  13  0:14  Overlord  
  13  0:17  Drone  
  14  0:32  Drone x2  
  16  0:37  Drone  
  17  0:46  Spawning Pool  
  17  0:48  Drone  
  17  1:01  Drone  
  18  1:15  Hatchery  
  17  1:21  Drone  
  18  1:33  Queen  
  18  1:35  Zergling x4  
  22  1:42  Overlord  
  22  1:44  Extractor  
  22  1:54  Drone  
  22  2:03  Drone  
  23  2:09  Queen  
  25  2:17  Drone  
  26  2:24  Drone  
  26  2:27  Drone  
  28  2:38  Drone x2  
  30  2:44  Drone  
  30  2:45  Drone, Queen  
  30  2:46  Drone  
  30  2:48  Metabolic Boost  
  30  2:51  Drone  
  36  2:55  Overlord  
  36  3:02  Overlord  
  35  3:11  Drone  
  36  3:14  Drone  
  36  3:16  Drone  
  38  3:20  Drone  
  38  3:21  Drone x2  
  38  3:24  Lair  
  38  3:26  Drone  
  41  3:31  Extractor  
  41  3:32  Drone x2  
  41  3:33  Drone x2  
  44  3:43  Drone  
  44  3:45  Drone  
  46  3:50  Hatchery  
  46  3:53  Drone x3  
  46  3:54  Drone  
  49  3:57  Evolution Chamber  
  48  4:06  Spore Crawler  
  47  4:10  Drone x2  
  47  4:14  Zergling x6, Extractor  
  51  4:17  Zergling x2  
  52  4:27  Drone, Hydralisk Den, Spore Crawler  
  52  4:29  Zerg Missile Weapons Level 1  
  51  4:32  Drone  
  51  4:33  Overlord x2, Evolution Chamber  
  51  4:44  Overseer  
  51  4:47  Drone  
  51  4:48  Overlord x2  
  51  4:51  Drone  
  51  4:52  Drone  
  54  4:53  Drone  
  54  4:56  Drone  
  55  5:03  Muscular Augments, Hydralisk  
  55  5:06  Hydralisk  
  59  5:07  Extractor  
  58  5:15  Hydralisk  
  58  5:21  Hydralisk  
  61  5:29  Hydralisk  
  61  5:32  Overlord, Hydralisk  
  61  5:33  Zergling x4  
  61  5:34  Zergling x16  
  75  5:39  Drone  
  75  5:41  Drone  
  77  5:43  Queen  
  77  5:47  Drone  
  80  5:51  Drone x2  
  80  5:55  Drone  
  83  5:58  Drone  
  83  5:59  Drone x2, Hydralisk  
  83  6:02  Drone  
  83  6:03  Zerg Melee Weapons Level 1  
  89  6:05  Drone  
  89  6:10  Drone x2  
  92  6:23  Hydralisk x3  
  92  6:25  Drone  
  90  6:40  Drone x7  
  90  6:41  Hydralisk  
  90  6:42  Hydralisk, Extractor x2  
  97  6:49  Overlord x3  
  97  6:51  Hatchery  
  96  7:03  Overlord x4  
  96  7:08  Hydralisk x4  
  96  7:12  Drone x3  
  96  7:13  Drone  
  108  7:31  Hydralisk x2  
  108  7:32  Hydralisk x6  
  124  7:40  Burrow  
  124  7:51  Zergling x6  
  124  7:52  Zergling x14  
  124  7:53  Zergling x2  
  124  7:54  Zergling x2  
  136  8:07  Zergling x8  
  140  8:15  Infestation Pit, Zergling x12  
  140  8:18  Hatchery  
  144  8:30  Zergling x6  
  144  8:31  Zergling x10  
Show
View Real Time Build Order
Export as new Build Order

RaiN Protoss 

Build Orders: 1 Gate Expand 

Get SALT Encoding   

  12  0:01  Probe (Chrono Boost)  
  13  0:11  Probe (Chrono Boost)  
  14  0:19  Pylon  
  14  0:22  Probe (Chrono Boost)  
  15  0:37  Probe (Chrono Boost)  
  15  0:40  Gateway  
  16  0:45  Assimilator  
  16  0:48  Probe (Chrono Boost)  
  17  0:58  Probe (Chrono Boost)  
  18  1:09  Probe (Chrono Boost)  
  19  1:22  Nexus  
  19  1:26  Probe (Chrono Boost)  
  20  1:37  Cybernetics Core  
  21  1:40  Probe (Chrono Boost)  
  21  1:45  Assimilator  
  21  1:57  Probe (Chrono Boost), Pylon  
  21  2:00  Pylon  
  22  2:08  Probe (Chrono Boost)  
  23  2:20  Twilight Council, Warp Gate, Adept  
  25  2:30  Probe (Chrono Boost)  
  23  2:40  Probe (Chrono Boost)  
  24  2:45  Mothership Core (Chrono Boost)  
  27  2:52  Probe (Chrono Boost)  
  26  3:07  Probe (Chrono Boost)  
  26  3:08  Probe (Chrono Boost)  
  28  3:13  Adept  
  28  3:15  Resonating Glaives  
  29  3:26  Probe (Chrono Boost)  
  30  3:27  Probe (Chrono Boost)  
  30  3:39  Probe x2 (Chrono Boost)  
  30  3:40  Adept  
  32  3:48  Gateway  
  34  3:51  Probe (Chrono Boost)  
  34  3:53  Probe (Chrono Boost)  
  36  4:06  Adept  
  36  4:07  Probe x2 (Chrono Boost)  
  36  4:08  Pylon  
  40  4:19  Probe x2 (Chrono Boost)  
  42  4:31  Gateway  
  42  4:39  Pylon  
  42  4:42  Probe x2 (Chrono Boost)  
  42  4:43  Assimilator  
  42  4:44  Adept x2  
  48  5:04  Adept x2  
  53  5:08  Probe x2 (Chrono Boost)  
  52  5:33  Adept  
  52  5:34  Adept x2  
  60  5:37  Probe x2 (Chrono Boost)  
  60  5:39  Assimilator, Nexus  
  60  5:42  Pylon  
  60  5:44  Pylon  
  60  5:54  Adept  
  62  6:02  Stargate  
  62  6:04  Robotics Facility  
  62  6:06  Gateway  
  62  6:09  Probe x2 (Chrono Boost)  
  64  6:25  Probe x2 (Chrono Boost), Sentry x3  
  62  6:42  Forge  
  62  6:43  Forge  
  62  6:44  Probe x2 (Chrono Boost)  
  64  6:53  Warp Prism  
  64  6:56  Phoenix  
  64  7:01  Probe (Chrono Boost)  
  71  7:02  Probe x2 (Chrono Boost)  
  71  7:04  Sentry x3  
  71  7:05  Sentry  
  79  7:13  Probe (Chrono Boost)  
  79  7:14  Probe x2 (Chrono Boost)  
  82  7:17  Void Ray  
  82  7:29  Probe (Chrono Boost)  
  89  7:30  Probe x2 (Chrono Boost)  
  89  7:31  Immortal  
  93  7:47  Assimilator  
  93  7:50  Assimilator, Pylon  
  93  7:51  Pylon  
  93  8:00  Gateway  
  93  8:03  Gateway  
  93  8:04  Pylon  
  93  8:08  Immortal  
  93  8:10  Probe x3 (Chrono Boost)  
  96  8:14  Adept  
  96  8:16  Adept  
  104  8:22  Probe x2 (Chrono Boost)  
  104  8:32  Adept  
  91  8:35  Adept  
Tags
 
Add a new tag
Caveats
  • Supply blocks, unpowered buildings, or Contaminate may cause inaccurate times.
  • Supply counts are checked every 10 seconds.